 Dungeon Crawl Stone Soup version 0.28.0 (webtiles) character file.

Game seed: 3550184189169283033

305 HallandMoats the Shield-Bearer (level 6, 0/44 HPs)
             Began as a Formicid Fighter on Feb 7, 2022.
             Was a Believer of Ru.
             Slain by a wyvern skeleton (8 damage)
             ... on level 7 of the Dungeon.
             The game lasted 00:04:24 (3329 turns).

HallandMoats the Shield-Bearer (Formicid Fighter)   Turns: 3329, Time: 00:04:25

Health: 0/44       AC:  9    Str: 20    XL:     6   Next: 67%
Magic:  6/6        EV: 10    Int:  8    God:    Ru [**....]
Gold:   103        SH:  5    Dex: 12    Spells: 5/5 levels left

rFire   . . .      SeeInvis +   a - +0 war axe
rCold   + . .      Faith    .   c - +0 buckler
rNeg    . . .      Spirit   .   b - +0 scale mail
rPois   .          Reflect  .   (helmet unavailable)
rElec   .          Harm     .   p - +1 cloak
rCorr   .          Rampage  .   (no gloves)
Will    .....                   (no boots)
Stlth   ..........              (no amulet)
HPRegen 0.14/turn               f - ring of protection from cold
MPRegen 0.10/turn               (no ring)

@: no status effects
A: permanent stasis, dig shafts and tunnels, antennae 3, frail 1, four strong
arms
a: Dig, Shaft Self, Renounce Religion


You were on level 7 of the Dungeon.
You worshipped Ru.
Ru was pleased with you.
You visited 1 branch of the dungeon, and saw 5 of its levels.

You collected 103 gold pieces.

Inventory:

Hand Weapons
 a - a +0 war axe (weapon)
Armour
 b - a +0 scale mail (worn)
 c - a +0 buckler (worn)
 p - a +1 cloak (worn)
Jewellery
 f - a ring of protection from cold (left hand)
Wands
 o - a wand of polymorph (3)
Scrolls
 e - 3 scrolls of teleportation {unknown}
 g - 3 scrolls of fear {unknown}
 h - 4 scrolls of noise {unknown}
 i - 3 scrolls of vulnerability {unknown}
 j - a scroll of torment {unknown}
 k - a scroll of summoning {unknown}
 m - a scroll of immolation {unknown}
Potions
 d - a potion of ambrosia {unknown}
 l - a potion of flight {unknown}


   Skills:
 + Level 4.4 Fighting
 + Level 3.3 Axes
 + Level 4.4 Armour
 + Level 2.2 Dodging
 + Level 5.0 Shields


You had 5 spell levels left.
You didn't know any spells.
Your spell library contained the following spells:

 Spells                   Type           Power      Damage    Failure   Level
 Sandblast                Erth           0%         2d4       82%         1
 Summon Small Mammal      Summ           0%         N/A       82%         1
 Passwall                 Tmut/Erth      0%         N/A       91%         2
 Call Canine Familiar     Summ           0%         N/A       99%         3
 Confusing Touch          Hex            0%         N/A       99%         3
 Stone Arrow              Conj/Erth      0%         3d7       99%         3
 Summon Guardian Golem    Hex/Summ       0%         N/A       99%         3
 Yara's Violent Unravell  Hex/Tmut       0%         3d3       100%        5
 Enfeeble                 Hex            0%         N/A       100%        7


Dungeon Overview and Level Annotations

Branches:
Dungeon (4/15)
 Temple: D:4-7

Altars:
Ru

Shops:
D:1 ((!


Innate Abilities, Weirdness & Mutations

You cannot be hasted, slowed, berserked, paralysed or teleported.
You can dig through walls and to a lower floor.
You have a pair of large antennae on your head. (SInv)
You are frail. (-10% HP)
Your four strong arms can wield two-handed weapons with a shield.


Message History

Found a stone staircase leading down.
You block the orc's attack. The orc barely misses you.
Are you sure you want to shaft yourself? [Y]es or [N]o only, please.
Are you sure you want to shaft yourself?
The orc hits you with a +0 short sword.
* * * LOW HITPOINT WARNING * * *
You begin to dig a shaft.
You continue digging a shaft.
The iguana hisses menacingly.
You block the iguana's attack. The orc hits you with a +0 short sword.
* * * LOW HITPOINT WARNING * * *
A shaft appears beneath you!
You fall into a shaft and drop 3 floors!
The shaft crumbles and collapses.
The black bear growls angrily.
Unknown command.
Found 18 stones.
A white imp comes into view.
The white imp shouts, "Despair, thou infectious spur-galled hugger-mugger!"
The white imp gestures at you. The puff of frost hits you. You resist.
* * * LOW HITPOINT WARNING * * *
A wyvern skeleton comes into view.
You hit the white imp.
The white imp is heavily wounded.
The white imp hits you but does no damage.
You slash the white imp!
You kill the white imp!
A kobold comes into view. It is wielding a +0 short sword.
The kobold shouts!
You hear a shout!
A black bear comes into view.
You block the wyvern skeleton's attack.
The kobold moves out of view.
You hear a shout!
The black bear growls angrily.
A kobold comes into view. It is wielding a +0 whip.
The kobold shouts!
A kobold comes into view. It is wielding a +0 dagger.
The kobold shouts!
You block the kobold's attack. The wyvern skeleton bites you!
You die...

#.#######.
#.......Z.
##.###### #h#
# #.# .# #.#
####..# #.#
.K.K..#
#h#####K......
#....Z@h.....#
#######.######
.# ##


You could see 2 black bears, 3 kobolds and a wyvern skeleton.

Vanquished Creatures
  Sigmund (D:2)
  Ijyb (D:3)
  3 adders
  A white imp (D:7)
  2 worms (D:2)
  A dart slug (D:3)
  4 orcs (D:3)
  3 bats
  7 endoplasms
  6 giant cockroaches
  12 goblins
  3 hobgoblins
  5 jackals
  A quokka (D:3)
  5 ball pythons
  2 frilled lizards (D:1)
  5 kobolds
  6 rats
68 creatures vanquished.

Notes
Turn   | Place    | Note
-------+----------+-------------------------------------------
     0 | D:1      | HallandMoats the Formicid Fighter began the quest for the
                  | Orb.
     0 | D:1      | Reached XP level 1. HP: 18/18 MP: 1/1
   117 | D:1      | Found Woczul's Weapon Emporium.
   280 | D:1      | Reached XP level 2. HP: 21/24 MP: 2/2
   322 | D:1      | Found Qedemul's Distillery.
   394 | D:1      | Found Vyeddis's Antique Weapon Shoppe.
   689 | D:1      | Found a faded altar of an unknown god.
   832 | D:1      | Prayed at the altar of an unknown god.
   832 | D:1      | Became a worshipper of Ru the Awakened
   841 | D:1      | Gained mutation: You are frail. (-10% HP) [Ru sacrifice]
   841 | D:1      | Reached * piety under Ru
   841 | D:1      | Reached ** piety under Ru
   925 | D:1      | Reached XP level 3. HP: 22/26 MP: 3/3
  1222 | D:2      | Reached skill level 4 in Shields
  1226 | D:2      | Reached skill level 1 in Dodging
  1753 | D:2      | Reached XP level 4. HP: 30/33 MP: 4/4
  1776 | D:2      | Noticed Sigmund
  1796 | D:2      | Killed Sigmund
  1797 | D:2      | Reached XP level 5. HP: 11/37 MP: 5/5
  1797 | D:2      | Reached XP level 6. HP: 13/43 MP: 6/6
  2655 | D:3      | Found a sacrificial altar of Ru.
  2777 | D:3      | Noticed Ijyb
  2802 | D:3      | Killed Ijyb
  2803 | D:3      | Reached skill level 5 in Shields
  3302 | D:4      | You fall into a shaft and drop 3 floors!
  3302 | D:7      | Noticed a black bear
  3326 | D:7      | Noticed a black bear
  3329 | D:7      | Slain by a wyvern skeleton

Illustrated notes

Levels and vault maps discovered:
D:1:      minmay_arrival_four_houses, layout_loops_ring,
          hellmonk_ecumenical_altar_prayer_group, serial_shops, shop,
          nicolae_shop_crystal, nicolae_shop_stone, minmay_ruptured
D:2:      layout_loops_ring, uniq_sigmund
D:3:      kennysheep_goblin_castle, layout_rooms, marbit_many_paths
D:4:      layout_basic, gammafunk_ghost_necromancy, uniq_robin
D:7:      layout_basic

Skill      XL: |  1  2  3  4  5  6 |
---------------+-------------------+-----
Shields        | 4 5 |  5.0
Dodging        | 1 2 |  2.2
Fighting       | 4 |  4.4
Axes           | 3 |  3.3
Armour         | 4 |  4.4

Action                   |  1- 3 |  4- 6 || total
-------------------------+-------+-------++-------
Melee: War axe           |    75 |   128 ||   203
       Unarmed           |       |    13 ||    13
Invok: Sacrifice Health  |     1 |       ||     1
 Abil: Shaft Self        |       |     1 ||     1
  Use: Potion            |       |     1 ||     1
Armor: Scale mail        |    29 |    68 ||    97
Dodge: Dodged            |    32 |    83 ||   115
Block: Buckler           |    14 |    43 ||    57
